Map: Simulacrum LE

Players

GOReynor (Reynor) - Winner!

  • Race: Zerg Zerg
  • League: Master
  • Spawn Location: 5:00

Special

  • Race: Terran Terran
  • League: Master
  • Spawn Location: 11:00

Event: NationWars 2019

VOD

Have the link to the VOD?

Description

Time

  • Played on: Nov. 30, 2019, 1:45 p.m.
  • Length: 6:27
Show
View Real Time Build Order
Export as new Build Order

GOReynor Zerg - Winner!

Build Orders: Hatch First 

Get SALT Encoding   

  12  0:00  Drone  
  13  0:12  Overlord  
  13  0:16  Drone  
  14  0:30  Drone x2  
  16  0:48  Hatchery  
  15  0:51  Drone  
  15  0:55  Drone  
  17  0:58  Drone  
  18  1:09  Extractor  
  17  1:14  Spawning Pool  
  17  1:17  Drone  
  17  1:21  Drone  
  18  1:27  Drone  
  19  1:38  Drone  
  20  1:48  Overlord  
  22  2:01  Zergling x4, Queen x2  
  26  2:10  Drone  
  26  2:11  Drone  
  28  2:20  Drone  
  28  2:22  Drone  
  30  2:30  Hatchery  
  30  2:33  Drone  
  30  2:35  Drone  
  31  2:39  Metabolic Boost  
  31  2:45  Drone  
  31  2:48  Overlord  
  32  2:54  Queen  
  32  2:58  Drone  
  35  2:59  Drone  
  36  3:06  Drone x2  
  36  3:10  Drone  
  36  3:11  Drone  
  40  3:15  Overlord  
  40  3:17  Zergling x2  
  40  3:19  Zergling x2  
  42  3:27  Drone  
  42  3:30  Drone  
  42  3:33  Queen  
  46  3:36  Lair  
  46  3:37  Overlord  
  46  3:42  Queen  
  46  3:44  Zergling x2  
  46  3:45  Zergling x2  
  46  3:48  Drone  
  51  3:53  Zergling x4  
  53  4:00  Zergling x6  
  53  4:01  Overlord  
  56  4:03  Drone x2  
  56  4:04  Drone  
  56  4:06  Zergling x2  
  60  4:11  Queen  
  60  4:13  Zergling x2  
  63  4:18  Overlord  
  63  4:24  Zergling x6  
  66  4:27  Queen  
  66  4:30  Overlord  
  68  4:33  Zergling x6  
  68  4:34  Zergling x2  
  71  4:45  Nydus Network  
  68  4:46  Zergling x4, Queen  
  68  4:50  Zergling x4  
  72  4:58  Queen  
  72  4:59  Overlord  
  74  5:00  Zergling x4  
  74  5:03  Zergling x4  
  74  5:06  Spore Crawler  
  76  5:07  Drone  
  76  5:09  Zergling x2  
  76  5:13  Zergling x2  
  76  5:14  Zergling x4  
  81  5:25  Nydus Canal  
  81  5:26  Queen  
  81  5:27  Queen  
  75  5:30  Zergling x6  
  75  5:32  Zergling x2  
  73  5:36  Zergling x6  
  73  5:42  Nydus Canal  
  76  5:43  Zergling x6  
  76  5:48  Zergling x6  
  82  5:51  Zergling x4  
  82  5:55  Zergling x4  
  86  6:01  Zergling x6  
  84  6:08  Nydus Canal  
  84  6:10  Zergling x4  
Show
View Real Time Build Order
Export as new Build Order

Special Terran 

Build Orders: Command Center First (CC) 

Get SALT Encoding   

  12  0:00  SCV  
  13  0:13  SCV  
  14  0:17  Supply Depot  
  14  0:25  SCV  
  15  0:38  SCV  
  16  0:51  SCV  
  17  0:59  Command Center  
  17  1:03  SCV  
  18  1:12  Barracks  
  18  1:16  SCV  
  19  1:21  Refinery  
  19  1:28  SCV  
  20  1:40  SCV  
  21  1:52  SCV  
  22  2:00  Marine  
  23  2:05  Orbital Command  
  23  2:11  Orbital Command  
  23  2:18  Marine  
  23  2:21  Factory  
  24  2:31  SCV  
  25  2:38  SCV  
  25  2:39  Command Center  
  25  2:40  Barracks Reactor  
  25  2:43  SCV  
  27  2:45  Refinery  
  27  2:50  SCV  
  28  2:55  SCV  
  29  3:02  SCV  
  29  3:05  Supply Depot  
  30  3:07  SCV  
  31  3:14  SCV  
  31  3:16  Starport  
  33  3:20  SCV  
  33  3:21  Hellion x2  
  33  3:23  Marine  
  39  3:27  SCV  
  39  3:29  Refinery  
  39  3:31  Bunker  
  39  3:32  SCV  
  40  3:39  SCV  
  41  3:42  Hellion  
  41  3:43  Hellion  
  41  3:44  SCV  
  46  3:50  Marine  
  46  3:51  SCV  
  46  3:52  Supply Depot  
  46  3:55  Fusion Core  
  48  3:59  Orbital Command  
  48  4:03  SCV x2  
  48  4:09  Hellion  
  52  4:14  Hellion  
  52  4:15  SCV  
  55  4:17  Supply Depot  
  55  4:18  Starport Tech Lab  
  55  4:20  SCV  
  54  4:27  SCV x2  
  56  4:32  SCV  
  56  4:37  Hellion x2  
  57  4:39  SCV, Supply Depot  
  62  4:53  SCV x2, Battlecruiser  
  62  4:54  SCV  
  62  4:56  Armory  
  65  5:02  Supply Depot, Hellion  
  65  5:05  Hellion  
  65  5:07  Orbital Command, Refinery  
  69  5:08  SCV  
  69  5:09  SCV  
  71  5:20  SCV  
  71  5:21  SCV  
  73  5:25  Supply Depot  
  73  5:27  Hellion x2  
  62  5:43  SCV x2  
  62  5:49  Hellion x2  
  64  5:55  SCV  
  71  6:00  SCV  
Tags
 
Add a new tag
Caveats
  • Supply blocks, unpowered buildings, or Contaminate may cause inaccurate times.
  • Supply counts are checked every 10 seconds.